 Dungeon Crawl Stone Soup version 0.27-a0-887-gcab673c (webtiles) character file.

Game seed: 15595648735126875937

288 Nithhogg the Chopper (level 6, -9/55 HPs)
             Began as a Minotaur Fighter on Apr 3, 2021.
             Mangled by an ogre
             ... wielding a +0 giant club
              (26 damage)
             ... on level 3 of the Dungeon.
             The game lasted 00:04:41 (2738 turns).

Nithhogg the Chopper (Minotaur Fighter)             Turns: 2738, Time: 00:04:41

Health: -9/55      AC:  7    Str: 23    XL:     6   Next: 9%
Magic:  5/5        EV: 11    Int:  5    God:
Gold:   72         SH:  0    Dex:  9    Spells: 5/5 levels left

rFire    + . .     SeeInvis .   a - +0 war axe
rCold    + . .     Faith    .   (no shield)
rNeg     . . .     Spirit   .   m - +1 ring mail {rF+}
rPois    .         Reflect  .   (helmet restricted)
rElec    .         Harm     .   (no cloak)
rCorr    .         Rampage  .   (no gloves)
Will     .....                  (no boots)
Stlth    ..........             (no amulet)
HPRegen  0.18/turn              h - ring of protection from cold
MPRegen  0.09/turn              (no ring)

@: no status effects
A: horns 2, retaliatory headbutt
a: no special abilities


You were on level 3 of the Dungeon.
You visited 1 branch of the dungeon, and saw 4 of its levels.

You collected 72 gold pieces.

Inventory:

Hand Weapons
 a - a +0 war axe (weapon)
Armour
 b - a +0 scale mail
 c - a +0 kite shield
 m - a +1 ring mail of fire resistance (worn)
Jewellery
 h - a ring of protection from cold (left hand)
Wands
 o - a wand of random effects (12)
Scrolls
 i - 2 scrolls of teleportation {unknown}
 j - a scroll of enchant weapon {unknown}
 k - a scroll of noise {unknown}
 l - a scroll of enchant armour {unknown}
 p - a scroll of vulnerability {unknown}
Potions
 d - 2 potions of might
 e - 2 potions of lignification {unknown}
 f - 2 potions of curing {unknown}
 g - a potion of resistance {unknown}
 n - 3 potions of attraction {unknown}


   Skills:
 + Level 4.9 Fighting
 * Level 5.2 Axes
 + Level 4.9 Armour
 + Level 2.6 Dodging
 - Level 3.6 Shields


You had 5 spell levels left.
You didn't know any spells.
Your spell library was empty.

Dungeon Overview and Level Annotations

Branches:
Dungeon (4/15)
 Temple: D:4-7

Altars:
Kikubaaqudgha
Yredelemnul


Innate Abilities, Weirdness & Mutations

You have a pair of horns on your head.
You reflexively headbutt those who attack you in melee.


Message History

You climb downwards.
There is a stone staircase leading up here.
An ogre comes into view. It is wielding a +0 giant club.
The ogre shouts!
You hear a shout!
An ogre is nearby!
A phantom comes into view.
An orc comes into view. It is wielding a +0 falchion.
The orc shouts!
There is a stone staircase leading up here.
The ogre barely misses you. You furiously retaliate!
You headbutt the ogre!
You climb upwards.
There is a stone staircase leading down here.
You barely miss the ogre. You headbutt the ogre.
The ogre is heavily wounded.
The ogre hits you with a +0 giant club!
You hit the ogre.
The ogre is severely wounded.
The ogre hits you with a +0 giant club!!
Ouch! That really hurt!
You are too injured to fight recklessly!
You are too injured to fight recklessly!
You are too injured to fight recklessly!
You are too injured to fight recklessly!
You are too injured to fight recklessly!
You are too injured to fight recklessly!
You are too injured to fight recklessly!
You are too injured to fight recklessly!
You are too injured to fight recklessly!
You are too injured to fight recklessly!
You are too injured to fight recklessly!
You are too injured to fight recklessly!
You are too injured to fight recklessly!
You are too injured to fight recklessly!
You are too injured to fight recklessly!
You are too injured to fight recklessly!
Unknown command.
You slash the ogre!
The ogre is almost dead.
The ogre hits you with a +0 giant club!!
You die...

#### ##### ## #..# ##...##
#( #..###.....## ###.
#..##.......# ##...
#..###.....## #..#.
#...###..†## #.###
#..@O.###.## #.# #
#..........#####.# #
########......###.....#.###
#<....##......#######......
#.###..............###.....
#.# ###............#.......
#.# #########............
#.# ########...........##
#.# ##.....##.............


You could see an ogre.

Vanquished Creatures
  2 vampire bats (D:3)
  An orc priest (D:3)
  An iguana (D:3)
  Robin (D:3)
  3 gnolls (D:3)
  3 adders (D:2)
  4 worms
  A dart slug (D:1)
  4 orcs (D:3)
  4 ball pythons
  7 bats
  2 endoplasms
  5 giant cockroaches
  9 hobgoblins
  4 jackals (D:2)
  2 quokkas (D:2)
  A frilled lizard (D:2)
  10 goblins
  5 kobolds
  5 rats
74 creatures vanquished.

Vanquished Creatures (others)
  4 plants (D:3)
4 creatures vanquished.

Grand Total: 78 creatures vanquished

Notes
Turn   | Place    | Note
-------+----------+-------------------------------------------
     0 | D:1      | Nithhogg the Minotaur Fighter began the quest for the Orb.
     0 | D:1      | Reached XP level 1. HP: 19/19 MP: 0/0
   346 | D:1      | Reached XP level 2. HP: 22/27 MP: 1/1
   584 | D:1      | Reached skill level 3 in Axes
   795 | D:2      | Reached skill level 1 in Dodging
   855 | D:2      | Found a basalt altar of Yredelemnul.
   865 | D:2      | Reached XP level 3. HP: 33/33 MP: 2/2
  1121 | D:2      | Found a faded altar of an unknown god.
  1219 | D:2      | Reached XP level 4. HP: 34/40 MP: 3/3
  1631 | D:3      | Reached skill level 4 in Axes
  1637 | D:3      | Reached XP level 5. HP: 42/47 MP: 4/4
  1728 | D:3      | Noticed Robin
  1741 | D:3      | Killed Robin
  1881 | D:3      | Found an ancient bone altar of Kikubaaqudgha.
  2240 | D:3      | Reached skill level 5 in Axes
  2493 | D:3      | Reached XP level 6. HP: 48/55 MP: 5/5
  2738 | D:3      | Mangled by an ogre

Illustrated notes

Levels and vault maps discovered:
D:1:      dpeg_arrival_orchard, layout_loops_ring
D:2:      layout_rooms, basic_altar, shapermc_ecumenical_altar_starsandcircs,
          chequers_serial_rivers_micro_d, minmay_tetromino_l4
D:3:      layout_rooms, lemuel_tele_altar, minmay_misc_feat_rows,
          minmay_large_rounded_square, serial_bayou_ford_a, roderic_batcave,
          uniq_robin
D:4:      layout_cave_pools, hangedman_abyss_or_decor_jellyfish_corner,
          uniq_ijyb, uniq_grinder, uniq_pikel

Skill      XL: |  1  2  3  4  5 |
---------------+----------------+-----
Axes           | 3 4 5 |  5.2
Fighting       | 4 |  4.9
Armour         | 4 |  4.9
Dodging        | 1 2 |  2.6
Shields        | |  3.6

Action                   |  1- 3 |  4- 6 || total
-------------------------+-------+-------++-------
Melee: War axe           |    63 |    82 ||   145
       Headbutt          |     4 |     4 ||     8
Armor: Scale mail        |    29 |    20 ||    49
       Ring mail         |       |    17 ||    17
Dodge: Dodged            |    44 |    48 ||    92

Table legend: (Time is in decaauts)
 A = Elapsed time spent in this place.
 B = Non-inter-level travel time spent in this place.
 C = Inter-level travel time spent in this place.
 D = Time resting spent in this place.
 E = Time spent auto-exploring this place.
 F = Levels seen in this place.
 G = Mean time per level.
                   A        B        C        D        E       F      G
               +--------+--------+--------+--------+--------+-----+--------+
         Total |   2788 |   2710 |     78 |    100 |   2227 |   4 |  697.0 |
       Dungeon |   2788 |   2710 |     78 |    100 |   2227 |   4 |  697.0 |
               +--------+--------+--------+--------+--------+-----+--------+

Top non-repeatable levels by time:
     D:3: 1188 daAuts
     D:1: 797 daAuts
     D:2: 786 daAuts
     D:4: 15 daAuts
